 Dungeon Crawl Stone Soup version 0.32-a0-18-g89e19f1974 (webtiles) character file.

Game seed: 12505348229303073416

84 case the Grasshopper (level 4, 0/33 HPs)
             Began as a Human Warper on Jan 17, 2024.
             Slain by a gnoll
             ... wielding a +0 flail
             ... led by a gnoll bouda
              (10 damage)
             ... on level 2 of the Dungeon.
             The game lasted 00:04:02 (1793 turns).

case the Grasshopper (Human Warper)                 Turns: 1793, Time: 00:04:03

Health: 0/33       AC:  3    Str: 11    XL:     4   Next: 45%
Magic:  7/7        EV: 12    Int: 13    God:
Gold:   48         SH:  0    Dex: 15    Spells: 5/7 levels left

rFire   . . .        a - +0 falchion
rCold   . . .        (no shield)
rNeg    . . .        b - +0 leather armour
rPois   .            (no helmet)
rElec   .            (no cloak)
rCorr   .            (no gloves)
SInv    +            (no boots)
Will    .....        (no amulet)
Stlth   +            i - ring of see invisible
HPRegen 0.25/turn    (no ring)
MPRegen 0.10/turn

%: no passive effects
@: confused, ambrosia-drunk
A: explore regen
a: no special abilities


You were on level 2 of the Dungeon.
You visited 1 branch of the dungeon, and saw 3 of its levels.

You collected 48 gold pieces.

Inventory:

Hand Weapons
 a - a +0 falchion (weapon)
Missiles
 d - 7 darts of dispersal (quivered)
Armour
 b - a +0 leather armour (worn)
Jewellery
 i - a ring of see invisible (left hand)
Scrolls
 c - a scroll of blinking
 f - 2 scrolls of identify {unknown}
 g - 2 scrolls of teleportation {unknown}
 j - 2 scrolls of amnesia {unknown}
 l - a scroll of enchant armour {unknown}
Potions
 e - a potion of ambrosia
 h - 2 potions of invisibility {unknown}
 k - 2 potions of mutation {unknown}


   Skills:
 - Level 2.0 Fighting
 * Level 3.6 Long Blades
 - Level 1.0 Throwing
 - Level 1.0 Armour
 - Level 2.0 Dodging
 - Level 2.0 Spellcasting
 * Level 4.0 Translocations


You had 5 spell levels left.
You knew the following spells:

 Your Spells              Type           Power      Damage    Failure   Level
a - Blink                 Tloc           22%        N/A       10%         2

Your spell library contained the following spells:

 Spells                   Type           Power      Damage    Failure   Level
 Lesser Beckoning         Tloc           22%        N/A       10%         2
 Teleport Other           Tloc           11%        N/A       19%         3
 Cigotuvi's Dreadful Rot  Necr/Alch/Air  2%         N/A       45%         2
 Manifold Assault         Tloc           11%        N/A       54%         4
 Vhi's Electric Charge    Tloc/Air       12%        N/A       82%         4
 Ignite Poison            Fire/Alch      1%         N/A       97%         4
 Freezing Cloud           Conj/Ice/Air   0%         6-21      100%        5


Dungeon Overview and Level Annotations

Branches:
Dungeon (3/15)

Altars:

Annotations:
D:2 exclusion: door


Innate Abilities, Weirdness & Mutations

You regain HP and MP as you explore.


Message History

There is a stone staircase leading up here.
The gnoll bouda shouts!
You see here 15 gold pieces.
You now have 48 gold pieces (gained 15).
The gnoll bouda barks out a call to the hunt!
The gnoll picks up the pace!
You see here a +0 flail of protection.
The gnoll bouda gazes fiercely through you!
You feel your attacks grow feeble. The gnoll bouda closely misses you.
You hit the gnoll bouda.
The gnoll bouda is lightly wounded.
The gnoll bouda barely misses you.
You barely miss the gnoll bouda.
The gnoll bouda is lightly wounded.
The gnoll bouda hits you with a +0 whip.
You hit the gnoll bouda but do no damage.
The gnoll bouda is lightly wounded.
The gnoll bouda hits you but does no damage.
The gnoll hits you with a +0 flail. The gnoll attacks as it pursues you!
The gnoll barely misses you.
Your attacks no longer feel as feeble.
The gnoll bouda barks out a call to the hunt!
The gnoll picks up the pace!
You hear a shout!
You hit the gnoll. You punch the gnoll.
The gnoll is moderately wounded.
The gnoll hits you with a +0 flail! The gnoll attacks as it pursues you!
The gnoll hits you with a +0 flail.
The gnoll is no longer moving quickly.
The gnoll attacks as it pursues you! The gnoll hits you with a +0 flail!
* * * LOW HITPOINT WARNING * * *
There is a stone staircase leading up here.
You climb upwards.
Level annotation: exclusion: door
There is a stone staircase leading down here.
It was a potion of ambrosia.
You are confused.
You feel invigorated. The gnoll hits you with a +0 flail!
You die...

#....######## #.#.<....#..#
#.##.###.#..# ######.##.# #.#..#
#......##.# #.#...
#.#######.###.#..#
###########.#...........#...
######.........g.#.#####.#####..#
................@#.....#........#
######.#########.#####.########.#
######...# #.##......# #...#
.......#.# #....##+#.# #.#.#
######...## #.#.......# #.###
##...#### #.#.......# #.... #####
#......###.#.......########
......#.#......#...<.........(...
h.....+.##...#.#........#########


You could see a gnoll.

Vanquished Creatures
  A gnoll (D:2)
  An adder (D:2)
  3 dart slugs (D:2)
  An orc (D:3)
  5 endoplasms
  3 giant cockroaches (D:2)
  A goblin (D:2)
  9 hobgoblins
  4 jackals (D:2)
  4 quokkas
  7 bats
  3 frilled lizards
  5 kobolds
  6 rats
53 creatures vanquished.

Notes
Turn   | Place    | Note
-------+----------+-------------------------------------------
     0 | D:1      | case the Human Warper began the quest for the Orb.
     0 | D:1      | Reached XP level 1. HP: 16/16 MP: 3/3
    81 | D:1      | Reached XP level 2. HP: 12/22 MP: 5/5
   747 | D:1      | Learned a level 2 spell: Blink
   813 | D:2      | Reached XP level 3. HP: 23/27 MP: 6/6
  1316 | D:2      | Reached XP level 4. HP: 33/33 MP: 7/7
  1423 | D:2      | Reached skill level 4 in Translocations
  1558 | D:2      | Noticed a black bear
  1793 | D:2      | Slain by a gnoll

Illustrated notes

Levels and vault maps discovered:
D:1:      erik_arrival_cave_to_civilisation [erik_arrival_cave_to_hall],
          layout_basic
D:2:      layout_basic
D:3:      layout_basic, minitemple, mainiacjoe_overflow_alcove_2,
          mainiacjoe_overflow_24_doors, trog_three_pillars_becter,
          ebering_ecumenical_altar_petrified

Skill      XL: |  1  2  3  4 |
---------------+-------------+-----
Long Blades    | 3 |  3.6
Translocations | 4 |  4.0
Fighting       | |  2.0
Throwing       | |  1.0
Armour         | |  1.0
Dodging        | |  2.0
Spellcasting   | |  2.0

Action                     |  1- 3 |  4- 6 || total
---------------------------+-------+-------++-------
  Melee: Falchion          |   155 |    24 ||   179
         Punch             |     1 |     1 ||     2
   Cast: Blink             |     1 |       ||     1
    Use: Potion            |       |     1 ||     1
   Stab: Sleeping          |       |     1 ||     1
 Armour: Leather armour    |   105 |    20 ||   125
  Dodge: Dodged            |   109 |    28 ||   137

Table legend: (Time is in decaauts)
 A = Elapsed time spent in this place.
 B = Non-inter-level travel time spent in this place.
 C = Inter-level travel time spent in this place.
 D = Time resting spent in this place.
 E = Time spent auto-exploring this place.
 F = Levels seen in this place.
 G = Mean time per level.
                   A        B        C        D        E       F      G
               +--------+--------+--------+--------+--------+-----+--------+
         Total |   1823 |   1736 |     87 |    105 |   1195 |   3 |  607.7 |
       Dungeon |   1823 |   1736 |     87 |    105 |   1195 |   3 |  607.7 |
               +--------+--------+--------+--------+--------+-----+--------+

Top non-repeatable levels by time:
     D:2: 912 daAuts
     D:1: 818 daAuts
     D:3: 92 daAuts
